 Dungeon Crawl Stone Soup version 0.24.0-123-gd5b16e6ec5 (webtiles) character file.

Game seed: 5704798890670732864, levelgen mode: deterministic

12787 poopants the Spear-Bearer (level 11, -1/83 HPs)
             Began as a Merfolk Gladiator on Jan 22, 2020.
             Was a High Priest of Okawaru.
             Slain by an orc warlord
             ... wielding a +4 long sword of slicing
              (4 damage)
             ... on level 9 of the Dungeon.
             The game lasted 00:46:45 (18902 turns).

poopants the Spear-Bearer (Merfolk Gladiator)      Turns: 18902, Time: 00:46:45

Health: -1/83      AC: 16    Str: 22    XL:     11   Next: 98%
Magic:  24/24      EV:  8    Int:  9    God:    Okawaru [*****.]
Gold:   978        SH:  4    Dex: 16    Spells: 10/10 levels left

rFire    . . .     SeeInvis +   a - +0 trident
rCold    x . .     Gourm    .   M - +0 buckler (curse)
rNeg     . . .     Faith    .   P - +0 plate armour
rPois    .         Spirit   .   c - +1 helmet
rElec    +         Reflect  .   (no cloak)
rCorr    .         Harm     .   (no gloves)
MR       .....                  (no boots)
Stlth    ..........             v - amulet of Uskayaw's Whim {Acrobat rElec MP+9}
HPRegen  0.23/turn              z - ring of see invisible
MPRegen  0.19/turn              I - ring "Wevyovvo" {Wiz rC- Str+4 Int+2}

@: no status effects
A: change form in water, swift swim, stealthy swim
a: Heroism, Finesse, Renounce Religion


You were on level 9 of the Dungeon.
You worshipped Okawaru.
Okawaru was extremely pleased with you.
You were not hungry.

You visited 2 branches of the dungeon, and saw 13 of its levels.

You collected 978 gold pieces.

Inventory:

Hand Weapons
 a - a +0 trident (weapon)
 h - a +0 halberd
 w - a +2 spear of freezing
 V - a +1 war axe of flaming
Missiles
 d - 3 throwing nets
 n - 21 boomerangs
 q - 33 poisoned darts (quivered)
 J - 7 silver javelins
 K - 10 javelins
 O - 6 silver boomerangs
Armour
 c - a +1 helmet (worn)
 u - a +0 chain mail
 C - a +1 ring mail of fire resistance
 M - a cursed +0 buckler (worn)
 P - a +0 plate armour (worn)
Jewellery
 s - an uncursed ring of protection from cold
 v - the amulet of Uskayaw's Whim (around neck) {Acrobat rElec MP+9}
   (You found it on level 4 of the Dungeon)

   [amulet of the acrobat]

   It helps you evade while moving and waiting.
   It insulates you from electricity.
   It affects your magic capacity (+9).
 x - an uncursed ring of wizardry
 y - an uncursed ring of magical power
 z - a ring of see invisible (left hand)
 I - the ring "Wevyovvo" (right hand) {Wiz rC- Str+4 Int+2}
   (You found it on level 7 of the Dungeon)

   [ring of wizardry]

   It improves your spell success rate.
   It affects your strength (+4).
   It affects your intelligence (+2).
   It makes you vulnerable to cold.
 Q - a cursed ring of ice
Wands
 o - a wand of digging (3)
 E - a wand of acid (6)
 G - a wand of random effects (40)
 N - a wand of flame (10)
Scrolls
 j - 5 scrolls of remove curse
 l - 4 scrolls of fear
 r - 5 scrolls of teleportation
 A - a scroll of blinking
 H - 4 scrolls of identify
 S - a scroll of summoning {unknown}
 T - a scroll of fog
Potions
 b - a potion of mutation
 e - 2 potions of brilliance
 g - 4 potions of flight
 i - 2 potions of ambrosia
 k - a potion of agility
 m - 2 potions of lignification
 p - 2 potions of cancellation
 t - a potion of experience
 B - a potion of curing
 D - a potion of might
 F - a potion of haste
 L - 2 potions of heal wounds
Comestibles
 f - 10 rations


   Skills:
 + Level 6.9 Fighting
 + Level 13.0 Polearms
 * Level 9.1 Throwing
 * Level 8.7 Armour
 - Level 4.0 Dodging
 + Level 1.5 Shields
 - Level 6.3 Invocations


You had 10 spell levels left.
You didn't know any spells.
Your spell library contained the following spells:

 Spells                   Type           Power        Failure   Level  Hunger
 Animate Skeleton         Necr           N/A          96%         1    ##.....
 Apportation              Tloc           #.....       96%         1    ##.....
 Beastly Appendage        Tmut           #.....       96%         1    ##.....
 Confusing Touch          Hex            #.....       96%         1    ##.....
 Magic Dart               Conj           #...         96%         1    ##.....
 Summon Small Mammal      Summ           #...         96%         1    ##.....
 Blink                    Tloc           N/A          99%         2    ###....
 Call Imp                 Summ           #.......     99%         2    ###....
 Slow                     Hex            #.......     99%         2    ###....
 Sticks to Snakes         Tmut           #.......     99%         2    ###....
 Conjure Flame            Conj/Fire      #.......     100%        3    ####...
 Mephitic Cloud           Conj/Pois/Air  #.......     100%        3    ####...
 Spider Form              Tmut/Pois      #.........   100%        3    ####...
 Ice Form                 Ice/Tmut       #.......     100%        4    #####..
 Blade Hands              Tmut           #.........   100%        5    ######.
 Bolt of Magma            Conj/Fire/Erth #.........   100%        5    ######.
 Irradiate                Conj/Tmut      #.........   100%        5    ######.
 Iskenderun's Battlesphe  Conj/Chrm      #.......     100%        5    ######.
 Metabolic Englaciation   Hex/Ice        #.........   100%        5    ######.
 Venom Bolt               Conj/Pois      #.........   100%        5    ######.
 Bolt of Cold             Conj/Ice       #.........   100%        6    #######
 Freezing Cloud           Conj/Ice/Air   #.........   100%        6    #######
 Hydra Form               Tmut           #.........   100%        6    #######
 Iron Shot                Conj/Erth      #.........   100%        6    #######
 Ozocubu's Refrigeration  Ice            #.........   100%        6    #######
 Simulacrum               Ice/Necr       #.........   100%        6    #######
 Statue Form              Tmut/Erth      #........    100%        6    #######
 Dragon Form              Tmut           #.........   100%        7    #######
 Orb of Destruction       Conj           #.........   100%        7    #######
 Spellforged Servitor     Conj/Summ      #.........   100%        7    #######


Dungeon Overview and Level Annotations

Branches:
Dungeon (11/15)            Temple (0/1) D:6            Lair (0/6) D:9
    Orc (2/2) D:10            Elf (0/3) Orc:2

Altars:
Ashenzari
Dithmenos
Hepliaklqana
Makhleb
Okawaru
Qazlal
Vehumet
Wu Jian
Beogh

Shops:
D:7 [   D:8 [   D:10 *

Annotations:
D:3 exclusion: downstairs
D:6 1 runed translucent door, eccles's ghost, novice DsBe
D:9 exclusion: downstairs
D:10 exclusion: downstairs
D:11 Josephine; Sonja


Message History

The orc warlord is heavily wounded.
You see here 2 poisoned darts.
Evoke which item? (* to show all) (? for menu, Esc to quit)
Aiming: Corrosive Bolt
Press: ? - help, Shift-Dir - straight line, f/p - orc warlord
Aim: an orc warlord, wielding a +4 long sword of slicing, wearing a +0 plate armour of fire resistance and wearing a +0 shield (severely wounded, poisoned)
The bolt of acid hits the orc warlord!
The orc warlord is splashed with acid.
The orc warlord is almost dead.
The orc warlord hits you with a +4 long sword of slicing.
* * * LOW HITPOINT WARNING * * *
x2 Evoke which item? (* to show all) (? for menu, Esc to quit)
Aiming: Corrosive Bolt
Press: ? - help, Shift-Dir - straight line, f/p - orc warlord
Aim: an orc warlord, wielding a +4 long sword of slicing, wearing a +0 plate armour of fire resistance and wearing a +0 shield (almost dead, poisoned)
The bolt of acid hits the orc warlord!
The orc warlord is splashed with acid.
The acid corrodes the orc warlord!
The orc warlord is almost dead.
The orc warlord hits you with a +4 long sword of slicing!!
* * * LOW HITPOINT WARNING * * *
You die...

...# #......# ..## #......# #.#
###'##.# #.## #.##.# #..# #.##.#
##.## #.##.#### #..## #.##.....
#...# ##############.##.....
#...# #...o@.........^......
#...# #.############.###....
###'########.############.###....
.......)........(.........(.....(
####.#######.....########.###....
####..# ####..# ####.#######
...##.## #..# #......#
...##..########..# #......#
.................#####......#


You could see an orc warlord.

Vanquished Creatures
  Erolcha (Orc:2)
  A hydra (D:11)
  Fannar (D:11)
  A two-headed ogre (D:9)
  Pikel (D:4)
  An ugly thing (D:11)
  Joseph (D:7)
  Maurice (Orc:2)
  A gargoyle (D:10)
  2 hornets (D:10)
  5 hippogriffs
  A wraith (D:11)
  6 yaks (D:11)
  A warg (Orc:1)
  Duvessa (D:7)
  15 orc warriors
  A slave (D:4)
  3 ice beasts
  6 ogres
  A sky beast (D:7)
  5 centaurs
  A big kobold (D:8)
  4 bullfrogs
  A water moccasin zombie (D:10)
  Dowan (D:7)
  3 scorpions
  5 wights (D:7)
  6 howler monkeys
  2 crimson imps
  2 bullfrog zombies
  A bullfrog skeleton (D:8)
  4 jellies
  A centaur skeleton (D:7)
  2 gnoll shamans
  6 hounds
  13 orc priests
  14 orc wizards
  Natasha (thrice) (D:2)
  2 iguanas
  9 worker ants
  A killer bee zombie (D:5)
  2 hound zombies
  A hound skeleton (D:9)
  A howler monkey zombie (D:10)
  2 worker ant zombies
  16 gnolls
  A howler monkey skeleton (D:5)
  7 adders
  2 shadow imps (D:10)
  An ooze (D:2)
  An adder zombie (D:7)
  5 worms
  6 dart slugs
  4 leopard geckos
  72 orcs
  2 giant cockroaches
  14 goblins
  11 hobgoblins
  11 jackals
  7 quokkas
  5 ball pythons
  5 bats
  6 frilled lizards
  A jackal skeleton (D:4)
  15 kobolds
  A leopard gecko skeleton (D:5)
  A quokka skeleton (D:4)
  2 rats
339 creatures vanquished.

Notes
Turn   | Place    | Note
-------+----------+-------------------------------------------
     0 | D:1      | poopants the Merfolk Gladiator began the quest for the Orb.
     0 | D:1      | Reached XP level 1. HP: 16/16 MP: 1/1
   528 | D:1      | Reached XP level 2. HP: 19/22 MP: 2/2
   604 | D:1      | Reached skill level 5 in Polearms
   947 | D:1      | Reached XP level 3. HP: 21/28 MP: 3/3
  1066 | D:1      | Reached skill level 1 in Armour
  1547 | D:2      | Noticed Natasha
  1553 | D:2      | Killed Natasha
  1553 | D:2      | Reached XP level 4. HP: 17/34 MP: 4/4
  1745 | D:2      | Reached skill level 6 in Polearms
  2260 | D:2      | Noticed Natasha
  2277 | D:2      | Killed Natasha
  2277 | D:2      | Reached XP level 5. HP: 30/40 MP: 5/5
  2489 | D:2      | Found an iron altar of Okawaru.
  2507 | D:2      | Became a worshipper of Warmaster Okawaru
  2678 | D:2      | Noticed Natasha
  2691 | D:2      | Killed Natasha
  3001 | D:3      | Reached skill level 7 in Polearms
  3186 | D:3      | Found a stormy altar of Qazlal.
  3249 | D:3      | Reached XP level 6. HP: 37/47 MP: 6/6
  3811 | D:2      | Found an iron altar of Okawaru.
  4812 | D:4      | Reached skill level 8 in Polearms
  4824 | D:4      | Noticed Pikel
  4991 | D:4      | Reached * piety under Okawaru
  4991 | D:4      | Reached XP level 7. HP: 26/52 MP: 7/7
  5835 | D:4      | Found an ornate altar of the Wu Jian Council.
  5929 | D:4      | Killed Pikel
  5929 | D:4      | Reached ** piety under Okawaru
  5929 | D:4      | Reached XP level 8. HP: 17/60 MP: 8/8
  6237 | D:4      | Got a shimmering golden amulet
  6238 | D:4      | Identified the amulet of Uskayaw's Whim {Acrobat rElec
                  | MP+9} (You found it on level 4 of the Dungeon)
  6527 | D:4      | Reached skill level 9 in Polearms
  7140 | D:5      | Entered Level 5 of the Dungeon
  7469 | D:5      | Reached skill level 5 in Throwing
  7542 | D:5      | Reached skill level 1 in Invocations
  7839 | D:5      | Found a shadowy altar of Dithmenos.
  7953 | D:5      | Reached *** piety under Okawaru
  8305 | D:6      | Reached skill level 5 in Armour
  8305 | D:6      | Reached XP level 9. HP: 65/65 MP: 10/10
  8332 | D:6      | Got a faintly glowing leather armour
  8343 | D:6      | Identified the cursed +1 leather armour "Cyma" {rF+} (You
                  | found it on level 6 of the Dungeon)
  9089 | D:6      | Reached skill level 10 in Polearms
  9254 | D:6      | Found a staircase to the Ecumenical Temple.
  9626 | D:6      | Found a runed translucent door.
  9630 | D:6      | Noticed eccles's ghost (novice DsBe)
  9851 | D:7      | Noticed Joseph
  9876 | D:7      | Killed Joseph
 10141 | D:7      | Reached **** piety under Okawaru
 10247 | D:7      | Noticed Duvessa
 10264 | D:7      | Killed Duvessa
 10269 | D:7      | Noticed Dowan
 10281 | D:7      | Killed Dowan
 10312 | D:7      | Got a vibrating steel ring
 10314 | D:7      | Identified the ring "Wevyovvo" {Wiz rC- Str+4 Int+2} (You
                  | found it on level 7 of the Dungeon)
 10525 | D:7      | Reached skill level 5 in Fighting
 10528 | D:7      | Received a gift from Okawaru
 10853 | D:7      | Reached XP level 10. HP: 70/74 MP: 12/12
 10900 | D:7      | Found a shattered altar of Ashenzari.
 11079 | D:7      | Reached skill level 11 in Polearms
 11239 | D:7      | Found Nihe's Armour Shop.
 11680 | D:8      | Found an iron altar of Okawaru.
 11868 | D:8      | Found a radiant altar of Vehumet.
 11895 | D:8      | Found Seiroen's Armour Boutique.
 12500 | D:9      | Noticed a two-headed ogre
 12518 | D:9      | Killed a two-headed ogre
 12923 | D:9      | Found a staircase to the Lair.
 13090 | D:9      | Found a hazy altar of Hepliaklqana.
 13390 | D:10     | Entered Level 10 of the Dungeon
 13402 | D:10     | Found a roughly hewn altar of Beogh.
 13402 | D:10     | Found a staircase to the Orcish Mines.
 13439 | D:9      | Reached skill level 5 in Invocations
 13786 | D:10     | Reached skill level 12 in Polearms
 14202 | D:10     | Reached XP level 11. HP: 59/81 MP: 15/15
 14207 | D:10     | Reached ***** piety under Okawaru
 14637 | D:10     | Found Quanuav's General Store.
 14995 | D:10     | Received a gift from Okawaru
 15446 | D:11     | Noticed Josephine
 15597 | D:11     | Noticed Sonja
 15960 | D:11     | Found a burning altar of Makhleb.
 15969 | D:11     | Noticed Fannar
 16006 | D:11     | Killed Fannar
 16006 | D:11     | Received a gift from Okawaru
 16009 | D:11     | Got a crude cloak {god gift}
 16016 | D:11     | Identified the +0 cloak "Ewnint" {rPois Dex+3 Slay-6}
                  | (Okawaru gifted it to you on level 11 of the Dungeon)
 16349 | D:11     | Reached skill level 1 in Shields
 16795 | D:11     | Noticed a five-headed hydra
 16802 | D:11     | Noticed a purple ugly thing
 16807 | D:11     | Killed a five-headed hydra
 16810 | D:11     | Killed a purple ugly thing
 17164 | Orc:1    | Entered Level 1 of the Orcish Mines
 17505 | Orc:2    | Entered Level 2 of the Orcish Mines
 17520 | Orc:2    | Noticed Erolcha
 17532 | Orc:2    | Killed Erolcha
 17554 | Orc:2    | Noticed Maurice
 17556 | Orc:2    | Paralysed by Maurice for 3 turns
 17582 | Orc:2    | Killed Maurice
 17976 | Orc:2    | Found a staircase to the Elven Halls.
 18207 | D:10     | Reached skill level 13 in Polearms
 18333 | Orc:1    | Received a gift from Okawaru
 18504 | Orc:1    | Noticed an orc warlord
 18902 | D:9      | HP: 3/83 [orc warlord/+4 long sword of slicing (20)]
 18902 | D:9      | Slain by an orc warlord

Levels and vault maps discovered:
D:1:      saegor_arrival_miasma, layout_loops_cross, hex_large,
          minmay_small_reverse_x
D:2:      kennysheep_the_goblin_king, layout_loops_cross,
          okawaru_altar_gauntlet_db, uniq_natasha
D:3:      layout_loops_corners, overflow_temple_1_default, minmay_vboxes
D:4:      minmay_chambers_of_fours, layout_basic, lemuel_doored_altar,
          cheibrodos_sewer_entry_sluice, chequers_serial_rivers_micro_a,
          kennysheep_generic_room_7, uniq_pikel
D:5:      layout_basic, nicolae_dithmenos_the_darkroom, first_ration
D:6:      layout_loops_cross, minmay_temple_entry_crystal_x,
          gammafunk_ghost_grave
D:7:      layout_basic, ashenzari_conservatory_becter, serial_curves,
          eino_curves_03, eino_curves_02, eino_curves_04, eino_curves_02,
          serial_shops, nicolae_shop_trees, uniq_joseph, uniq_duvessa
D:8:      layout_loops_cross, old_standard_altar, vehumet_altar_wand_db,
          serial_shops, nicolae_shop_statue_plus
D:9:      layout_basic, lair_entry_dummy, basic_altar
D:10:     layout_basic, david_orc_5, serial_shops, shop
D:11:     layout_gridville, basic_altar, uniq_josephine, uniq_sonja, uniq_fannar
Orc:1:    layout_caves, serial_shops, nicolae_shop_trees, minmay_orc_temple_c
Orc:2:    grunt_orc_tribal_feast, layout_caves, gammafunk_ghost_cemetery,
          serial_shops, shop, mines5_lemuel, uniq_erolcha, uniq_maurice

Skill      XL: |  1  2  3  4  5  6  7  8  9 10 11 |
---------------+----------------------------------+-----
Polearms       | 5 6 7 8 9 10 12 13 | 13.0
Armour         | 1 2 4 5 6 7 8 |  8.7
Fighting       | 3 4 5 6 |  6.9
Throwing       | 4 5 6 7 9 |  9.1
Invocations    | 1 3 5 6 |  6.3
Shields        | 1 |  1.5
Dodging        | |  4.0

Action                   |  1- 3 |  4- 6 |  7- 9 | 10-12 || total
-------------------------+-------+-------+-------+-------++-------
Melee: Trident           |    83 |   286 |   126 |   233 ||   728
       Spear             |       |       |   406 |   555 ||   961
Throw: Boomerang         |       |    13 |     5 |     9 ||    27
       Dart              |       |       |    60 |    90 ||   150
       Javelin           |       |       |       |    13 ||    13
Invok: Heroism           |       |       |     4 |     9 ||    13
       Finesse           |       |       |       |     1 ||     1
Evoke: Wand              |       |       |       |     6 ||     6
  Use: Scroll            |       |     9 |     4 |     8 ||    21
       Potion            |       |     1 |     1 |       ||     2
 Stab: Sleeping          |     2 |       |       |       ||     2
  Eat: Chunk             |     2 |     8 |    15 |    15 ||    40
       Ration            |       |     1 |     1 |     3 ||     5
Armor: Leather armour    |    10 |       |       |       ||    10
       Ring mail         |       |    35 |       |       ||    35
       Chain mail        |       |    51 |   130 |   104 ||   285
       Plate armour      |       |       |       |    93 ||    93
Dodge: Dodged            |    47 |   170 |   154 |   169 ||   540
Block: Buckler           |       |       |       |    66 ||    66
